 Dungeon Crawl Stone Soup version 0.29-a0-648-g6b26cc9f40 (webtiles) character file.

Game seed: 4054925427189281209

2752 Essalna the Covert (level 9, -2/39 HPs)
             Began as a Spriggan Enchanter on June 20, 2022.
             Was an Initiate of Dithmenos.
             Slain by Joseph
             ... wielding a +2 quarterstaff of speed
              (11 damage)
             ... on level 7 of the Dungeon.
             The game lasted 00:24:30 (8290 turns).

Essalna the Covert (Spriggan Enchanter)             Turns: 8290, Time: 00:24:30

Health: -2/39      AC:  6    Str:  4    XL:     9   Next: 41%
Magic:  17/20      EV: 21    Int: 21    God:    Dithmenos [......]
Gold:   381        SH:  0    Dex: 15    Spells: 14/22 levels left

rFire   . . .      SeeInvis +   y - +2 rapier (vorpal)
rCold   . . .      Faith    .   (no shield)
rNeg    . . .      Spirit   .   x - +0 robe {Will+}
rPois   .          Reflect  .   (helmet restricted)
rElec   .          Harm     .   (no cloak)
rCorr   .          Rampage  .   (gloves unavailable)
Will    ++...      Clarity  +   (boots unavailable)
Stlth   ++++......              (no amulet)
HPRegen 0.13/turn               i - +4 ring of protection
MPRegen 0.17/turn               (no ring)

@: confusing by touch, very quick
A: very small, no large weapons, unfitting armour, see invisible, speed 3,
clarity
a: Renounce Religion


You were on level 7 of the Dungeon.
You worshipped Dithmenos.
Dithmenos was noncommittal.
You visited 2 branches of the dungeon, and saw 8 of its levels.

You collected 381 gold pieces.

Inventory:

Hand Weapons
 a - a +1 dagger
 y - a +2 vorpal rapier (weapon)
Missiles
 p - a throwing net
Armour
 b - a +1 robe
 n - a +0 buckler
 x - a +0 robe of willpower (worn)
Magical Staves
 e - a staff of conjuration
Jewellery
 i - a +4 ring of protection (left hand)
 u - an amulet of faith
Wands
 r - a wand of iceblast (6)
 w - a wand of flame (8)
Scrolls
 d - 2 scrolls of teleportation
 f - a scroll of torment {unknown}
 g - 6 scrolls of identify
 j - a scroll of amnesia
 o - a scroll of brand weapon
 v - a scroll of enchant armour
Potions
 c - 3 potions of invisibility
 h - 3 potions of berserk rage {unknown}
 k - a potion of resistance {unknown}
 l - a potion of magic {unknown}
 m - 2 potions of mutation
 q - 2 potions of curing {unknown}
 s - a potion of heal wounds
 t - 3 potions of flight {unknown}
 z - a potion of attraction {unknown}
 A - a potion of haste {unknown}


   Skills:
 + Level 6.4 Short Blades
 + Level 8.1 Dodging
 + Level 10.2 Stealth
 - Level 7.0 Spellcasting
 + Level 8.0 Hexes


You had 14 spell levels left.
You knew the following spells:

 Your Spells              Type           Power      Damage    Failure   Level
a - Ensorcelled Hibernat  Hex/Ice        48%        N/A       2%          2
b - Confusing Touch       Hex            41%        N/A       1%          3
c - Tukima's Dance        Hex            41%        N/A       1%          3

Your spell library contained the following spells:

 Spells                   Type           Power      Damage    Failure   Level
 Cause Fear               Hex            20%        N/A       3%          4
 Dazzling Flash           Conj/Hex       48%        N/A       4%          3
 Inner Flame              Hex/Fire       24%        N/A       4%          3
 Freeze                   Ice            28%        1d5       9%          1
 Sandblast                Erth           14%        2d6       9%          1
 Passwall                 Tmut/Erth      5%         N/A       13%         2
 Frozen Ramparts          Ice            14%        1d3       26%         3
 Gell's Gravitas          Tloc           7%         N/A       26%         3
 Ignite Poison            Fire/Tmut/Pois 7%         N/A       26%         3
 Lesser Beckoning         Tloc           7%         N/A       26%         3
 Mephitic Cloud           Conj/Pois/Air  7%         N/A       26%         3
 Stone Arrow              Conj/Erth      14%        3d7       26%         3
 Teleport Other           Tloc           7%         N/A       26%         3
 Hailstorm                Conj/Ice       7%         3d4       65%         4
 Iskenderun's Mystic Bla  Conj/Tloc      7%         2d4       65%         4
 Freezing Cloud           Conj/Ice/Air   3%         6-21      94%         5
 Starburst                Conj/Fire      3%         6d3       100%        6
 Discord                  Hex            20%        N/A       100%        8


Dungeon Overview and Level Annotations

Branches:
Dungeon (7/15)             Temple (1/1) D:6

Altars:
Ashenzari
Dithmenos
Elyvilon
Fedhas
Gozag
Hepliaklqana
Kikubaaqudgha
Makhleb
Nemelex Xobeh
Okawaru
Qazlal
Ru
Trog
Uskayaw
Vehumet
Wu Jian
Xom
Yredelemnul
The Shining One

Annotations:
D:7 Joseph


Innate Abilities, Weirdness & Mutations

You are very small and have problems with some larger weapons.
You are too small for most types of armour.
You have supernaturally acute eyesight. (SInv)
You cover ground extremely quickly. (Speed+++)
You possess an exceptional clarity of mind.


Message History

Found a scroll of enchant weapon, a leather armour and a scroll of blinking.
Found a stone staircase leading down.
There is a stone staircase leading up here.
Found a scroll of teleportation.
The helpless white imp fails to defend itself.
You skewer the white imp like a kebab!!!
You kill the white imp!
Dithmenos accepts your kill.
The helpless Joseph fails to defend himself.
You spit Joseph like a pig!!!
Joseph is almost dead.
Joseph misses you.
Joseph says, "You must be punished!
Or...
I want to punish you!"
Joseph hits you with a +2 quarterstaff of speed!
Casting: Ensorcelled Hibernation (safe; 2% risk of failure)
Confirm with . or Enter, or press ? or * to list all spells.
Aiming: Ensorcelled Hibernation (safe; 2% risk of failure)
Press: ? - help, Shift-Dir - straight line, f - Joseph
Aim: Joseph, wielding a +2 quarterstaff of speed and wearing a +0 leather armour (almost dead, chance to affect: 37%)
Okay, then.
Casting: Ensorcelled Hibernation (safe; 2% risk of failure)
Confirm with . or Enter, or press ? or * to list all spells.
Your hands begin to glow red.
Joseph hits you with a +2 quarterstaff of speed!
You are too injured to fight recklessly!
You hit Joseph but do no damage.
Joseph is almost dead.
Joseph barely misses you.
Joseph hits you with a +2 quarterstaff of speed!
* * * LOW HITPOINT WARNING * * *
You hit Joseph but do no damage.
Joseph is almost dead.
Joseph barely misses you.
You hit Joseph but do no damage.
Joseph is almost dead.
Joseph barely misses you.
You hit Joseph but do no damage.
Joseph is almost dead.
Joseph hits you with a +2 quarterstaff of speed!
You die...

....... .......
##...? .......
......# ......
#....# ....#
#....# ....#
#....#####@...+
#........@....#
#....?....#####
#[........#
#...<.....#
#####?....#
#.....# #.....#
#.....# #....>+


You could see Joseph.

Vanquished Creatures
  Maggie (D:6)
  Eustachio (D:4)
  3 water moccasins
  An orc warrior (D:6)
  2 ogres
  3 phantoms
  A bullfrog (D:4)
  2 gnoll sergeants
  A necrophage (D:5)
  3 scorpions
  5 wights (D:6)
  4 howler monkeys
  A gnoll shaman (D:5)
  3 hounds
  6 iguanas
  2 orc wizards
  An adder (D:2)
  20 gnolls
  A white imp (D:7)
  An ufetubus (D:6)
  3 worms (D:2)
  3 dart slugs
  31 orcs
  6 ball pythons
  4 bats
  7 endoplasms
  6 giant cockroaches
  9 goblins
  3 hobgoblins
  18 jackals
  7 kobolds
  7 quokkas
  3 frilled lizards
  5 rats
174 creatures vanquished.

Vanquished Creatures (others)
  An orc (D:4)
  2 plants (D:5)
3 creatures vanquished.

Grand Total: 177 creatures vanquished

Notes
Turn   | Place    | Note
-------+----------+-------------------------------------------
     0 | D:1      | Essalna the Spriggan Enchanter began the quest for the Orb.
     0 | D:1      | Reached XP level 1. HP: 9/9 MP: 5/5
   147 | D:1      | Reached XP level 2. HP: 8/13 MP: 6/6
   277 | D:1      | Learned a level 2 spell: Ensorcelled Hibernation
   482 | D:1      | Found a faded altar of an unknown god.
  1046 | D:1      | Reached XP level 3. HP: 16/16 MP: 8/8
  1523 | D:3      | Reached skill level 5 in Stealth
  1609 | D:3      | Reached XP level 4. HP: 21/21 MP: 7/10
  3308 | D:4      | Noticed Eustachio
  3317 | D:4      | Killed Eustachio
  3318 | D:4      | Reached skill level 6 in Stealth
  3318 | D:4      | Reached XP level 5. HP: 16/24 MP: 4/12
  3318 | D:4      | Reached XP level 6. HP: 19/28 MP: 4/13
  3456 | D:4      | Reached skill level 5 in Hexes
  3464 | D:4      | Identified the +0 ring mail of Submission {Harm *Slow rElec
                  | Int+5}
  3785 | D:3      | Learned a level 3 spell: Confusing Touch
  3955 | D:4      | Reached skill level 5 in Dodging
  3955 | D:4      | Reached XP level 7. HP: 28/32 MP: 12/15
  4020 | D:4      | Reached skill level 7 in Stealth
  4254 | D:4      | Reached skill level 5 in Spellcasting
  4716 | D:5      | Entered Level 5 of the Dungeon
  4730 | D:5      | Identified a scroll of acquirement
  4730 | D:5      | Acquired a +4 ring of protection
  5205 | D:5      | Reached XP level 8. HP: 36/36 MP: 14/17
  5551 | D:5      | Reached skill level 8 in Stealth
  6574 | D:6      | Reached skill level 5 in Short Blades
  6679 | D:6      | Reached skill level 9 in Stealth
  7093 | D:6      | Reached XP level 9. HP: 12/39 MP: 13/20
  7097 | D:6      | Gained mutation: You possess an exceptional clarity of
                  | mind. [potion of mutation]
  7353 | D:6      | Found a staircase to the Ecumenical Temple.
  7380 | D:6      | Learned a level 3 spell: Tukima's Dance
  7381 | Temple   | Entered the Ecumenical Temple
  7592 | Temple   | Became a worshipper of Dithmenos the Shadowed
  8062 | D:6      | Noticed Maggie
  8070 | D:6      | Killed Maggie
  8071 | D:6      | Reached skill level 10 in Stealth
  8278 | D:7      | Noticed Joseph
  8290 | D:7      | Slain by Joseph

Illustrated notes

Levels and vault maps discovered:
D:1:      psy_arrival_dodecagon, layout_loops_cross,
          shapermc_ecumenical_altar_venn
D:2:      layout_loops_ring
D:3:      layout_rooms
D:4:      minmay_chambers_of_fours, layout_basic, lemuel_flame_loot_1,
          uniq_eustachio
D:5:      lemuel_castle_with_subvaults [lemuel_castle_interior_carwin_3],
          layout_rooms
D:6:      layout_gridville, minmay_temple_entry_stoned_glass, serial_glass,
          glass_columns_c, glass_columns_b, uniq_maggie
D:7:      layout_gridville, kennysheep_generic_room_9, uniq_joseph
Temple:   mainiacjoe_temple_bowtie_tessellation

Skill      XL: |  1  2  3  4  5  6  7  8  9 |
---------------+----------------------------+-----
Dodging        | 3 4 5 7 8 |  8.1
Spellcasting   | 3 4 5 6 7 |  7.0
Hexes          | 4 5 6 7 8 |  8.0
Stealth        | 5 6 7 9 10 | 10.2
Short Blades   | 2 3 4 5 6 |  6.4

Action                   |  1- 3 |  4- 6 |  7- 9 || total
-------------------------+-------+-------+-------++-------
Melee: Dagger            |    87 |    92 |       ||   179
       Punch             |     1 |     2 |     4 ||     7
       Rapier            |       |    36 |   240 ||   276
 Cast: Ensorcelled Hiber |     7 |    22 |    58 ||    87
       Confusing Touch   |       |     1 |     8 ||     9
  Use: Scroll            |       |       |    16 ||    16
       Potion            |       |       |     2 ||     2
 Stab: Sleeping          |    16 |    24 |    44 ||    84
       Confused          |       |       |     6 ||     6
       Distracted        |       |       |     2 ||     2
Armor: Robe              |     7 |    11 |    27 ||    45
Dodge: Dodged            |    74 |    94 |   193 ||   361

Table legend: (Time is in decaauts)
 A = Elapsed time spent in this place.
 B = Non-inter-level travel time spent in this place.
 C = Inter-level travel time spent in this place.
 D = Time resting spent in this place.
 E = Time spent auto-exploring this place.
 F = Levels seen in this place.
 G = Mean time per level.
                   A        B        C        D        E       F      G
               +--------+--------+--------+--------+--------+-----+--------+
         Total |   6510 |   6317 |    193 |    485 |   4378 |   8 |  813.8 |
       Dungeon |   6359 |   6187 |    172 |    485 |   4257 |   7 |  908.4 |
        Temple |    150 |    129 |     21 |      0 |    120 |   1 |  150.0 |
               +--------+--------+--------+--------+--------+-----+--------+

Top non-repeatable levels by time:
     D:5: 1751 daAuts
     D:2: 1112 daAuts
     D:4: 1112 daAuts
     D:6: 908 daAuts
     D:1: 781 daAuts
     D:3: 683 daAuts
  Temple: 150 daAuts
     D:7: 9 daAuts
